 Dungeon Sprint DCSS version 0.21-a0-314-gb3271ec (webtiles) character file.

13 potatolord6000 the Vexing (level 2, -5/23 HPs)
             Began as a Gnoll Arcane Marksman on Sept 29, 2017.
             Was an Initiate of Okawaru.
             Slain by a wolf (10 damage)
             ... in the Dungeon (Sprint VII: "The Pits").
             The game lasted 00:01:47 (399 turns).

potatolord6000 the Vexing (Gnoll Arcane Marksman)    Turns: 399, Time: 00:01:47

Health: -5/23      AC:  2    Str: 12    XL:     2   Next: 37%
Magic:  6/6        EV: 14    Int: 15    God:    Okawaru [......]
Gold:   0          SH:  0    Dex: 15    Spells: 6/7 levels left

rFire    . . .     SeeInvis .   r - +2 falchion (elec)
rCold    . . .     Gourm    .   (no shield)
rNeg     . . .     Faith    .   l - +0 robe
rPois    .         Spirit   .   (no helmet)
rElec    .         Reflect  .   (no cloak)
rCorr    .         Harm     .   (no gloves)
MR       .....     NoTele   +   (no boots)
Stlth    ++........             (no amulet)
HPRegen  0.07/turn              (no ring)
MPRegen  0.10/turn              (no ring)

@: no status effects
A: distributed training, fangs 1, strong nose
a: Renounce Religion


You were in the Dungeon.
You worshipped Okawaru.
Okawaru was noncommittal.
You were not hungry.

You visited 1 branch

Inventory:

Hand Weapons
 a - a +0 shortbow
 r - a +2 falchion of electrocution (weapon)
Missiles
 d - 13 arrows
Armour
 l - a +0 robe (worn)
Scrolls
 k - a scroll of blinking
 m - 3 scrolls of remove curse
 n - 5 scrolls of amnesia
 o - a scroll of summoning
Potions
 b - 2 potions of invisibility
 g - a potion of heal wounds
 h - a potion of haste
 i - 4 potions of magic
 j - 3 potions of berserk rage
Books
 c - a book of Debilitation

   Spells                             Type                      Level
   a - Corona                         Hexes                        1
   b - Slow                           Hexes                        2
   c - Inner Flame                    Hexes/Fire                   3
   d - Portal Projectile              Hexes/Translocation          3
   e - Cause Fear                     Hexes                        4
   f - Leda's Liquefaction            Hexes/Earth                  4
Comestibles
 f - 8 bread rations
 p - 40 fruits
 q - 7 meat rations


   Skills:
 + Level 2.6 Fighting
 + Level 1.7 Short Blades
 + Level 1.3 Long Blades
 + Level 2.0 Axes
 + Level 0.0 Maces & Flails
 + Level 2.0 Polearms
 + Level 1.3 Staves
 + Level 1.7 Slings
 + Level 4.7 Bows
 + Level 1.7 Crossbows
 + Level 1.3 Throwing
 + Level 2.3 Armour
 + Level 4.4 Dodging
 + Level 0.8 Stealth
   Level 0.0 Stabbing
 + Level 0.8 Shields
   Level 0.0 Traps
 + Level 0.8 Unarmed Combat
 + Level 3.1 Spellcasting
 + Level 0.8 Conjurations
 + Level 6.4 Hexes
 + Level 2.0 Charms
 + Level 1.3 Summonings
 + Level 1.3 Necromancy
 + Level 0.8 Translocations
 + Level 2.0 Transmutations
 + Level 0.0 Fire Magic
 + Level 0.8 Ice Magic
 + Level 0.0 Air Magic
 + Level 0.8 Earth Magic
 + Level 0.8 Poison Magic
 + Level 2.3 Invocations
 + Level 0.8 Evocations


You had 6 spell levels left.
You knew the following spells:

 Your Spells              Type           Power        Failure   Level  Hunger
a - Corona                Hex            ###....      1%          1    #......


Dungeon Overview and Level Annotations

Branches:
Dungeon (1/1)

Altars:
Ashenzari
Cheibriados
Dithmenos
Elyvilon
Fedhas
Gozag
Hepliaklqana
Kikubaaqudgha
Makhleb
Nemelex Xobeh
Okawaru
Qazlal
Ru
Sif Muna
Trog
Uskayaw
Vehumet
Wu Jian
Xom
Yredelemnul
Zin
The Shining One
Beogh
Jiyva
Lugonu


Innate Abilities, Weirdness & Mutations

Your experience applies equally to all skills.
You have very sharp teeth.
Your uncanny sense of smell can sniff out nearby items.


Message History

The gnoll is moderately wounded.
The orc misses you.
Unknown command.
Wield which item (- for none, * to show all)? (? for menu, Esc to quit)
You hear the crackle of electricity.
r - a +2 falchion of electrocution (weapon)
You feel better. The orc closely misses you.
You hit the orc.
You kill the orc!
Okawaru accepts your kill.
Your Axes skill increases to level 2!
Your Staves skill increases to level 1!
Your Charms skill increases to level 2!
Your Necromancy skill increases to level 1!
Your Transmutations skill increases to level 2!
The wolf bites you! The wolf bites you.
* * * LOW HITPOINT WARNING * * *
You barely miss the wolf. You bite the wolf.
The wolf is lightly wounded.
The wolf bites you!
You die...

#.?(.')))'.##......#..#
##########.##..........
#...........†..........
#+#####'#####......#..#
#.....#∆∆ #..........
#..†..#∆∆ ####'#####+
###'###∆∆ #.......#
#.....#∆∆ #.......#
#...@.#∆∆ #.......#
####h## #...<...#
#..(g..gh##.......#
#a..(....##.......#
###########.......#
######### ∆∆∆∆


You could see a wolf and a gnoll.

Vanquished Creatures
  An ufetubus (D)
  An orc (D)
  A bat (D)
  2 giant cockroaches (D)
  A hobgoblin (D)
6 creatures vanquished.

Notes
Turn   | Place    | Note
-------+----------+-------------------------------------------
     0 | D        | potatolord6000 the Gnoll Arcane Marksman began the quest for the Orb.
     0 | D        | Reached XP level 1. HP: 17/17 MP: 4/4
    28 | D        | Reached skill level 1 in Charms
    44 | D        | Found a bloodstained altar of Trog.
    44 | D        | Found a deep blue altar of Sif Muna.
    44 | D        | Found a viscous altar of Jiyva.
    44 | D        | Found a hazy altar of Hepliaklqana.
    44 | D        | Found an opulent altar of Gozag.
    45 | D        | Found a glowing golden altar of the Shining One.
    45 | D        | Found a glowing silver altar of Zin.
    45 | D        | Found a basalt altar of Yredelemnul.
    45 | D        | Found a shimmering altar of Xom.
    45 | D        | Found an ornate altar of the Wu Jian Council.
    45 | D        | Found a sacrificial altar of Ru.
    45 | D        | Found a stormy altar of Qazlal.
    45 | D        | Found an iron altar of Okawaru.
    45 | D        | Found a sparkling altar of Nemelex Xobeh.
    45 | D        | Found a burning altar of Makhleb.
    45 | D        | Found a blossoming altar of Fedhas.
    45 | D        | Found a white marble altar of Elyvilon.
    45 | D        | Found a shadowy altar of Dithmenos.
    45 | D        | Found a snail-covered altar of Cheibriados.
    73 | D        | Found a corrupted altar of Lugonu.
    73 | D        | Found a radiant altar of Vehumet.
    73 | D        | Found a roughly hewn altar of Beogh.
    74 | D        | Found an ancient bone altar of Kikubaaqudgha.
    74 | D        | Found a hide-covered altar of Uskayaw.
    74 | D        | Found a shattered altar of Ashenzari.
    84 | D        | Became a worshipper of Warmaster Okawaru
   159 | D        | Reached skill level 1 in Short Blades
   159 | D        | Reached skill level 1 in Long Blades
   159 | D        | Reached skill level 1 in Axes
   159 | D        | Reached skill level 1 in Polearms
   159 | D        | Reached skill level 1 in Crossbows
   159 | D        | Reached skill level 1 in Throwing
   159 | D        | Reached skill level 1 in Armour
   159 | D        | Reached skill level 1 in Transmutations
   159 | D        | Reached XP level 2. HP: 8/23 MP: 5/5
   162 | D        | Reached skill level 1 in Slings
   377 | D        | Reached skill level 1 in Summonings
   389 | D        | Noticed a wolf
   398 | D        | Reached skill level 1 in Staves
   398 | D        | Reached skill level 1 in Necromancy
   399 | D        | Slain by a wolf

Vault maps used:
D:        pitsprint

Skill      XL: |  1  2 |
---------------+-------+-----
Charms         | 1 2 |  2.0
Short Blades   | 1 |  1.7
Long Blades    | 1 |  1.3
Axes           | 1 2 |  2.0
Polearms       | 1 2 |  2.0
Crossbows      | 1 |  1.7
Throwing       | 1 |  1.3
Armour         | 1 2 |  2.3
Transmutations | 1 2 |  2.0
Invocations    | 2 |  2.3
Slings         | 1 |  1.7
Spellcasting   | 3 |  3.1
Summonings     | 1 |  1.3
Staves         | 1 |  1.3
Necromancy     | 1 |  1.3
Fighting       | |  2.6
Bows           | |  4.7
Dodging        | |  4.4
Stealth        | |  0.8
Shields        | |  0.8
Unarmed Combat | |  0.8
Conjurations   | |  0.8
Hexes          | |  6.4
Translocations | |  0.8
Ice Magic      | |  0.8
Earth Magic    | |  0.8
Poison Magic   | |  0.8
Evocations     | |  0.8

Action                   || total
-------------------------++-------
Melee: Shortbow          ||    13
       Bite              ||     3
       Falchion          ||     4
 Fire: Shortbow          ||    17
 Cast: Corona            ||     1
  Use: Potion            ||     1
Armor: Robe              ||     7
Dodge: Dodged            ||    42
       Rpst.: Falchion   ||     1

Table legend:
 A = Spawn XP
 B = Non-spawn XP
 C = Spawn XP percentage of total XP
 D = Spawn monster count
 E = Non-spawn monster count
 F = Spawn count percentage of total count
 G = Total turns spent on level
                    A         B        C        D         E        F      G
               +---------+---------+-------+---------+---------+-------+---------
         Total |       0 |      19 |   0.0 |       0 |       6 |   0.0 |   399
               +---------+---------+-------+---------+---------+-------+---------
             D |       0 |      19 |   0.0 |       0 |       6 |   0.0 |   399
               +---------+---------+-------+---------+---------+-------+---------
